NCAA
TEXAS CHRISTIAN HORNED FROGS @ NORTH CAROLINA STATE WOLFPACK
04/11/2030
 
TOP OF THE 1ST
Texas Christian Horned Frogs batting - Pitching for North Carolina State Wolfpack : RHP Mario Pérez
Pitching: RHP Mario Pérez
Batting: RHB Stanton Collins 0-0: Ball
1-0: Called Strike
1-1: Foul Ball, location: 2F
1-2: Fly out, F9 (Line Drive, 89M)
Batting: LHB Fernando Medina 0-0: Called Strike
0-1: Called Strike
0-2: Foul Ball, location: 2F
0-2: Foul Ball, location: 2F
0-2: Strikes out looking
Batting: LHB José Martínez 0-0: Called Strike
0-1: Ball
1-1: Ball
2-1: SINGLE (Line Drive, 56D)
Batting: LHB Perry Hayward 0-0: Foul Ball, location: 2F
0-1: Ball
1-1: Ball
2-1: Ball
3-1: Fly out, F4 (Line Drive, 4)
Top of the 1st over - 0 runs, 1 hit, 0 errors, 1 left on base; Texas Christian 0 - North Carolina State 0
BOTTOM OF THE 1ST
North Carolina State Wolfpack batting - Pitching for Texas Christian Horned Frogs : RHP Chad Adams
Pitching: RHP Chad Adams
Batting: LHB Steven Gregory 0-0: Ball
1-0: Bunt for hit - play at first, batter safe!
Batting: LHB Nick Henderson 0-0: Called Strike
0-1: Foul Ball, location: 2F
0-2: Fly out, F7 (Flyball, 7S)
Batting: RHB Ronald McMillan 0-0: Ball
1-0: SINGLE (Line Drive, 5)
Steven Gregory to second
Batting: LHB Ramón Quintanilla 0-0: SINGLE (Flyball, 8RM)
Steven Gregory to third
Ronald McMillan to second
Runner from 3rd tries for Home, SAFE, no throw
Batting: RHB Chris Curry 0-0: Ball
1-0: Ball
2-0: Called Strike
2-1: Foul Ball, location: 2F
2-2: Foul Ball, location: 2F
2-2: Foul Ball, location: 2F
2-2: Strikes out looking
Batting: SHB Mark Hendree 0-0: Swinging Strike
0-1: Ball
Ronald McMillan is caught stealing 3rd base
Bottom of the 1st over - 1 run, 3 hits, 0 errors, 1 left on base; Texas Christian 0 - North Carolina State 1
TOP OF THE 2ND
Texas Christian Horned Frogs batting - Pitching for North Carolina State Wolfpack : RHP Mario Pérez
Batting: RHB José Sandoval 0-0: Called Strike
0-1: Swinging Strike
0-2: Ball
1-2: Foul Ball, location: 2F
1-2: Strikes out looking
Batting: LHB Peter Smith 0-0: Foul Ball, location: 2F
0-1: Ball
1-1: SOLO HOME RUN (Flyball, 9D), Distance : 364 ft
Batting: LHB Joaquín Trejo 0-0: Ball
1-0: Ball
2-0: Ball
3-0: Called Strike
3-1: Foul Ball, location: 2F
3-2: Foul Ball, location: 2F
3-2: Foul Ball, location: 2F
3-2: Strikes out swinging
Batting: LHB Donald Armstrong 0-0: Called Strike
0-1: Ball
1-1: Ball
2-1: Ball
3-1: Foul Ball, location: 2F
3-2: Strikes out swinging
Top of the 2nd over - 1 run, 1 hit, 0 errors, 0 left on base; Texas Christian 1 - North Carolina State 1
BOTTOM OF THE 2ND
North Carolina State Wolfpack batting - Pitching for Texas Christian Horned Frogs : RHP Chad Adams
Batting: SHB Mark Hendree 0-0: Ball
1-0: Fly out, F8 (Flyball, 8LD)
Batting: RHB Chris Seals 0-0: Ball
1-0: SINGLE (Line Drive, 7S)
Batting: LHB Trent Harper 0-0: Foul Ball, location: 2F
0-1: Ball
1-1: Called Strike
1-2: Ball
Chris Seals steals 2nd base
2-2: Ball
3-2: Strikes out swinging
Batting: LHB Garrett Roberson 0-0: Ground out 5-3 (Groundball, 5S)
Bottom of the 2nd over - 0 runs, 1 hit, 0 errors, 1 left on base; Texas Christian 1 - North Carolina State 1
TOP OF THE 3RD
Texas Christian Horned Frogs batting - Pitching for North Carolina State Wolfpack : RHP Mario Pérez
Batting: RHB Arthur Salyers 0-0: Fly out, F7 (Line Drive, 7S)
Batting: RHB Stanton Collins 0-0: Fly out, F4 (Line Drive, 4)
Batting: LHB Fernando Medina 0-0: Ball
1-0: Called Strike
1-1: SINGLE (Line Drive, 7LM)
Batting: LHB José Martínez 0-0: Called Strike
0-1: Called Strike
0-2: Ball
1-2: Foul Ball, location: 2F
1-2: Ball
2-2: Ball
3-2: Foul Ball, location: 2F
3-2: Strikes out looking
Top of the 3rd over - 0 runs, 1 hit, 0 errors, 1 left on base; Texas Christian 1 - North Carolina State 1
BOTTOM OF THE 3RD
North Carolina State Wolfpack batting - Pitching for Texas Christian Horned Frogs : RHP Chad Adams
Batting: LHB Steven Gregory 0-0: Ball
1-0: Ball
2-0: Called Strike
2-1: Fly out, F9 (Flyball, 89D)
Batting: LHB Nick Henderson 0-0: Ball
1-0: SOLO HOME RUN (Flyball, 9LD), Distance : 339 ft
Batting: RHB Ronald McMillan 0-0: Swinging Strike
0-1: Ball
1-1: Ball
2-1: Called Strike
2-2: Strikes out looking
Batting: LHB Ramón Quintanilla 0-0: Ground out 4-3 (Groundball, 4)
Bottom of the 3rd over - 1 run, 1 hit, 0 errors, 0 left on base; Texas Christian 1 - North Carolina State 2
TOP OF THE 4TH
Texas Christian Horned Frogs batting - Pitching for North Carolina State Wolfpack : RHP Mario Pérez
Batting: LHB Perry Hayward 0-0: Called Strike
0-1: Swinging Strike
0-2: Foul Ball, location: 2F
0-2: Ball
1-2: Strikes out swinging
Batting: RHB José Sandoval 0-0: Ball
1-0: Ball
2-0: Ball
3-0: Called Strike
3-1: Base on Balls
Batting: LHB Peter Smith 0-0: Ball
1-0: Foul Ball, location: 2F
1-1: Ball
2-1: Ball
3-1: Base on Balls
José Sandoval to second
Batting: LHB Joaquín Trejo 0-0: Ball
1-0: Called Strike
1-1: Ball
2-1: Foul Ball, location: 2F
2-2: Foul Ball, location: 2F
2-2: Foul Ball, location: 2F
2-2: Ball
3-2: Foul Ball, location: 2F
3-2: Base on Balls
José Sandoval to third
Peter Smith to second
Batting: LHB Donald Armstrong 0-0: Ball
1-0: Called Strike
1-1: Ball
2-1: Ball
3-1: Called Strike
3-2: Base on Balls
José Sandoval scores
Peter Smith to third
Joaquín Trejo to second
Pitching: RHP Chris Crews
Batting: RHB Arthur Salyers 0-0: Ball
1-0: Ball
2-0: Ball
3-0: Called Strike
3-1: DOUBLE (Flyball, 9D)
Peter Smith scores
Joaquín Trejo scores
Donald Armstrong to third
Batting: RHB Stanton Collins 0-0: Fly out, F8 (Flyball, 8LD)
Runner from 3rd tags up, SCORES, throw made
Batting: LHB Fernando Medina 0-0: Fly out, F7 (Flyball, 7)
Top of the 4th over - 4 runs, 1 hit, 0 errors, 1 left on base; Texas Christian 5 - North Carolina State 2
BOTTOM OF THE 4TH
North Carolina State Wolfpack batting - Pitching for Texas Christian Horned Frogs : RHP Chad Adams
Batting: RHB Chris Curry 0-0: Called Strike
0-1: Ball
1-1: Foul Ball, location: 2F
1-2: Foul Ball, location: 2F
1-2: Ball
2-2: Ball
3-2: Foul Ball, location: 2F
3-2: Strikes out swinging, 2-3 out at first.
Batting: SHB Mark Hendree 0-0: Called Strike
0-1: Called Strike
0-2: Foul Ball, location: 2F
0-2: Ground out 6-3 (Groundball, 6)
Batting: RHB Chris Seals 0-0: Ball
1-0: Swinging Strike
1-1: Swinging Strike
1-2: Fly out, F4 (Line Drive, 4)
Bottom of the 4th over - 0 runs, 0 hits, 0 errors, 0 left on base; Texas Christian 5 - North Carolina State 2
TOP OF THE 5TH
Texas Christian Horned Frogs batting - Pitching for North Carolina State Wolfpack : RHP Chris Crews
Batting: LHB José Martínez 0-0: Ball
1-0: Foul Ball, location: 2F
1-1: SOLO HOME RUN (Flyball, 7LD), Distance : 315 ft
Batting: LHB Perry Hayward 0-0: Called Strike
0-1: Ball
1-1: Called Strike
1-2: Foul Ball, location: 2F
1-2: Ball
2-2: Ball
3-2: Foul Ball, location: 2F
3-2: Strikes out swinging
Batting: RHB José Sandoval 0-0: Foul Ball, location: 2F
0-1: Called Strike
0-2: Ball
1-2: Ball
2-2: Foul Ball, location: 2F
2-2: Ground out U3 (Groundball, 34S)
Batting: LHB Peter Smith 0-0: Foul Ball, location: 2F
0-1: Ball
1-1: Called Strike
1-2: Ball
2-2: Strikes out swinging
Top of the 5th over - 1 run, 1 hit, 0 errors, 0 left on base; Texas Christian 6 - North Carolina State 2
BOTTOM OF THE 5TH
North Carolina State Wolfpack batting - Pitching for Texas Christian Horned Frogs : RHP Chad Adams
Batting: LHB Trent Harper 0-0: Called Strike
0-1: Called Strike
0-2: Ball
1-2: Strikes out swinging
Batting: LHB Garrett Roberson 0-0: Ball
1-0: Called Strike
1-1: Swinging Strike
1-2: Ground out 4-3 (Groundball, 4M)
Batting: LHB Steven Gregory 0-0: Ball
1-0: Called Strike
1-1: Foul Ball, location: 2F
1-2: Ball
2-2: Ground out 6-3 (Groundball, 6)
Bottom of the 5th over - 0 runs, 0 hits, 0 errors, 0 left on base; Texas Christian 6 - North Carolina State 2
TOP OF THE 6TH
Texas Christian Horned Frogs batting - Pitching for North Carolina State Wolfpack : RHP Chris Crews
Batting: LHB Joaquín Trejo 0-0: Called Strike
0-1: Ground out 4-3 (Groundball, 4M)
Batting: LHB Donald Armstrong 0-0: Ball
1-0: Foul Ball, location: 2F
1-1: Foul Ball, location: 2F
1-2: Ball
2-2: Ball
3-2: Foul Ball, location: 2F
3-2: Foul Ball, location: 2F
3-2: Foul Ball, location: 2F
3-2: Base on Balls
Batting: RHB Arthur Salyers 0-0: Called Strike
0-1: Foul Ball, location: 2F
0-2: SINGLE (Groundball, 6) (infield hit)
Donald Armstrong to second
Batting: RHB Stanton Collins 0-0: 3-RUN HOME RUN (Line Drive, 78XD), Distance : 370 ft
Batting: LHB Fernando Medina 0-0: Foul Ball, location: 2F
0-1: Ball
1-1: Ball
2-1: TRIPLE (Line Drive, 8LXD)
Batting: LHB José Martínez 0-0: Foul Ball, location: 2F
0-1: Swinging Strike
0-2: Ball
1-2: Ball
2-2: Strikes out looking
Batting: LHB Perry Hayward 0-0: Called Strike
0-1: Fly out, F8 (Flyball, 8LD)
Top of the 6th over - 3 runs, 3 hits, 0 errors, 1 left on base; Texas Christian 9 - North Carolina State 2
BOTTOM OF THE 6TH
North Carolina State Wolfpack batting - Pitching for Texas Christian Horned Frogs : RHP Chad Adams
Batting: LHB Nick Henderson 0-0: Ball
1-0: Called Strike
1-1: SINGLE (Groundball, 34) (infield hit)
Batting: RHB Ronald McMillan 0-0: Fly out, F4 (Popup, 34)
Batting: LHB Ramón Quintanilla 0-0: Foul Ball, location: 2F
0-1: Swinging Strike
0-2: Grounds into double play, 5-4-3 (Groundball, 56)
Bottom of the 6th over - 0 runs, 1 hit, 0 errors, 0 left on base; Texas Christian 9 - North Carolina State 2
TOP OF THE 7TH
Texas Christian Horned Frogs batting - Pitching for North Carolina State Wolfpack : RHP Chris Crews
Batting: RHB José Sandoval 0-0: SINGLE (Line Drive, 56)
Batting: LHB Peter Smith 0-0: Fly out, F9 (Flyball, 9)
Batting: LHB Joaquín Trejo 0-0: Foul Ball, location: 2F
0-1: Ball
1-1: Reached on error, E6 (Groundball, 6)
José Sandoval to second
Batting: LHB Donald Armstrong 0-0: Foul Ball, location: 2F
0-1: Ball
1-1: SINGLE (Groundball, 34D)
José Sandoval to third
Joaquín Trejo to second
Batting: RHB Arthur Salyers 0-0: Ball
1-0: Swinging Strike
1-1: Called Strike
1-2: Strikes out swinging
Batting: RHB Stanton Collins 0-0: Called Strike
0-1: Ball
1-1: Swinging Strike
1-2: Ball
2-2: Ball
3-2: Base on Balls
José Sandoval scores
Joaquín Trejo to third
Donald Armstrong to second
Batting: LHB Fernando Medina 0-0: Ball
1-0: Foul Ball, location: 2F
1-1: Ball
2-1: Foul Ball, location: 2F
2-2: Foul Ball, location: 2F
2-2: Ball
3-2: Foul Ball, location: 2F
3-2: DOUBLE (Line Drive, 8LD)
Joaquín Trejo scores
Donald Armstrong scores
Stanton Collins to third
Stanton Collins scores
Pitching: RHP Tim Randell
Batting: LHB José Martínez 0-0: Ball
1-0: Called Strike
1-1: Foul Ball, location: 2F
1-2: Ball
2-2: Ball
3-2: Foul Ball, location: 2F
3-2: Strikes out looking
Top of the 7th over - 4 runs, 3 hits, 1 error, 1 left on base; Texas Christian 13 - North Carolina State 2
BOTTOM OF THE 7TH
North Carolina State Wolfpack batting - Pitching for Texas Christian Horned Frogs : RHP Chad Adams
Batting: RHB Chris Curry 0-0: Ground out 4-3 (Groundball, 4D)
Batting: SHB Mark Hendree 0-0: Ball
1-0: Called Strike
1-1: Called Strike
1-2: Strikes out swinging
Batting: RHB Chris Seals 0-0: Called Strike
0-1: SINGLE (Flyball, 7LM)
Pitching: RHP Michael Hartley
Batting: LHB Trent Harper 0-0: Ball
1-0: Foul Ball, location: 2F
1-1: Ground out 4-3 (Groundball, 4)
Bottom of the 7th over - 0 runs, 1 hit, 0 errors, 1 left on base; Texas Christian 13 - North Carolina State 2
TOP OF THE 8TH
Texas Christian Horned Frogs batting - Pitching for North Carolina State Wolfpack : RHP Tim Randell
Batting: LHB Perry Hayward 0-0: Called Strike
0-1: Ball
1-1: Ground out 4-3 (Groundball, 4S)
Batting: RHB José Sandoval 0-0: Ball
1-0: Foul Ball, location: 2F
1-1: Ball
2-1: Foul Ball, location: 2F
2-2: Ball
3-2: Foul Ball, location: 2F
3-2: Base on Balls
Batting: LHB Peter Smith 0-0: Ball
1-0: Ball
2-0: Foul Ball, location: 2F
2-1: Foul Ball, location: 2F
2-2: Ball
3-2: Base on Balls
José Sandoval to second
Batting: LHB Joaquín Trejo 0-0: Ball
1-0: Foul Ball, location: 2F
1-1: Called Strike
1-2: Strikes out swinging
Batting: LHB Donald Armstrong 0-0: Ball
1-0: Ball
2-0: Swinging Strike
2-1: Called Strike
2-2: Strikes out swinging
Top of the 8th over - 0 runs, 0 hits, 0 errors, 2 left on base; Texas Christian 13 - North Carolina State 2
BOTTOM OF THE 8TH
North Carolina State Wolfpack batting - Pitching for Texas Christian Horned Frogs : RHP Michael Hartley
Batting: LHB Garrett Roberson 0-0: Swinging Strike
0-1: Swinging Strike
0-2: Ground out 4-3 (Groundball, 4)
Batting: LHB Steven Gregory 0-0: Called Strike
0-1: Foul Ball, location: 2F
0-2: SINGLE (Groundball, 34D)
Batting: LHB Nick Henderson 0-0: Foul Ball, location: 2F
0-1: Called Strike
0-2: Ball
1-2: Ball
2-2: Strikes out swinging
Batting: RHB Ronald McMillan Pickoff Throw to First - Error! E1
Steven Gregory to second
0-0: Ball
1-0: Called Strike
1-1: Ball
2-1: Called Strike
2-2: Ball
3-2: Foul Ball, location: 2F
3-2: 2-RUN HOME RUN (Line Drive, 7D), Distance : 373 ft
Batting: LHB Ramón Quintanilla 0-0: Ball
1-0: Foul Ball, location: 2F
1-1: SINGLE (Groundball, 4S) (infield hit)
Batting: RHB Chris Curry 0-0: Swinging Strike
0-1: Ball
1-1: Ground out 1-3 (Groundball, P)
Bottom of the 8th over - 2 runs, 3 hits, 1 error, 1 left on base; Texas Christian 13 - North Carolina State 4
TOP OF THE 9TH
Texas Christian Horned Frogs batting - Pitching for North Carolina State Wolfpack : RHP Tim Randell
Batting: RHB Arthur Salyers 0-0: Called Strike
0-1: Foul Ball, location: 2F
0-2: Ball
1-2: Strikes out swinging
Batting: RHB Stanton Collins 0-0: Ball
1-0: Ball
2-0: Foul Ball, location: 2F
2-1: Called Strike
2-2: Foul Ball, location: 2F
2-2: Ball
3-2: Base on Balls
Pitching: RHP Pat Schwartz
Batting: LHB Fernando Medina 0-0: Called Strike
0-1: Fly out, F9 (Flyball, 9LS)
Batting: LHB José Martínez 0-0: Swinging Strike
0-1: Fly out, F8 (Flyball, 8RS)
Top of the 9th over - 0 runs, 0 hits, 0 errors, 1 left on base; Texas Christian 13 - North Carolina State 4
BOTTOM OF THE 9TH
North Carolina State Wolfpack batting - Pitching for Texas Christian Horned Frogs : RHP Michael Hartley
Now in LF: Jason Ball
Now in RF: Lee Elliott
Batting: SHB Mark Hendree 0-0: Called Strike
0-1: Fly out, F8 (Flyball, 8RM)
Batting: RHB Chris Seals 0-0: Foul Ball, location: 2F
0-1: Ball
1-1: Ball
2-1: Foul Ball, location: 2F
2-2: Ball
3-2: Foul Ball, location: 2F
3-2: Foul Ball, location: 2F
3-2: SOLO HOME RUN (Line Drive, 7LD), Distance : 340 ft
Batting: LHB Trent Harper 0-0: Ball
1-0: Ball
2-0: Ground out 6-3 (Groundball, 6M)
Batting: LHB Garrett Roberson 0-0: Ball
1-0: Ball
2-0: Ball
3-0: Fly out, F7 (Flyball, 7)
Bottom of the 9th over - 1 run, 1 hit, 0 errors, 0 left on base; Texas Christian 13 - North Carolina State 5
Saturday, April 7th, 2018 - OOTP Baseball 18.8 Build 76